 Dungeon Crawl Stone Soup version 0.27.1-34-g3ba077fa99 (webtiles) character file.

Game seed: 13068318240180342764

371 sankara the Insei (level 6, -1/56 HPs)
             Began as a Minotaur Monk on Jan 22, 2022.
             Blown up by Ijyb (32 damage)
             ... with a mindburst bolt
             ... on level 4 of the Dungeon.
             The game lasted 00:06:44 (3068 turns).

sankara the Insei (Minotaur Monk)                   Turns: 3068, Time: 00:06:44

Health: -1/56      AC:  8    Str: 21    XL:     6   Next: 42%
Magic:  5/5        EV:  9    Int:  7    God:
Gold:   122        SH:  0    Dex: 15    Spells: 5/5 levels left

rFire    . . .     SeeInvis .     - Unarmed
rCold    . . .     Faith    .   (no shield)
rNeg     . . .     Spirit   .   n - +0 chain mail
rPois    .         Reflect  .   (helmet restricted)
rElec    .         Harm     .   (no cloak)
rCorr    .         Rampage  .   (no gloves)
Will     .....                  (no boots)
Stlth    ..........             (no amulet)
HPRegen  0.18/turn              i - +6 ring of strength
MPRegen  0.09/turn              (no ring)

@: no status effects
A: horns 2, retaliatory headbutt
a: no special abilities


You were on level 4 of the Dungeon.
You visited 1 branch of the dungeon, and saw 4 of its levels.

You collected 122 gold pieces.

Inventory:

Missiles
 a - 3 curare-tipped darts
 e - 18 sling bullets
 g - 68 stones (quivered)
 l - 7 boomerangs
Armour
 n - a +0 chain mail (worn)
Jewellery
 i - a +6 ring of strength (left hand)
Wands
 k - a wand of flame (18)
Scrolls
 b - a scroll of noise {unknown}
 c - a scroll of blinking {unknown}
 h - a scroll of vulnerability {unknown}
 j - a scroll of fog {unknown}
 m - a scroll of enchant armour {unknown}
 o - a scroll of holy word {unknown}
Potions
 d - 2 potions of attraction
 f - 2 potions of heal wounds {unknown}
 p - a potion of curing {unknown}


   Skills:
 - Level 5.0 Fighting
 + Level 2.4 Armour
 + Level 4.8 Dodging
 - Level 1.5 Stealth
 * Level 5.9 Unarmed Combat


You had 5 spell levels left.
You didn't know any spells.
Your spell library contained the following spells:

 Spells                   Type           Power      Damage    Failure   Level
 Passwall                 Tmut/Erth      0%         N/A       100%        2
 Slow                     Hex            0%         N/A       100%        2
 Confusing Touch          Hex            0%         N/A       100%        3
 Swiftness                Air            0%         N/A       100%        3
 Tukima's Dance           Hex            0%         N/A       100%        3
 Vampiric Draining        Necr           0%         2d6       100%        3
 Passage of Golubria      Tloc           N/A        N/A       100%        4
 Yara's Violent Unravell  Hex/Tmut       0%         3d3       100%        5
 Invisibility             Hex            0%         N/A       100%        6


Dungeon Overview and Level Annotations

Branches:
Dungeon (4/15)
 Temple: D:4-7

Altars:
Cheibriados
Elyvilon
Wu Jian
The Shining One

Shops:
D:1 *=(??

Annotations:
D:3 1 runed translucent door, Crazy Yiuf
D:4 Ijyb


Innate Abilities, Weirdness & Mutations

You have a pair of horns on your head.
You reflexively headbutt those who attack you in melee.


Message History

Found 3 curare-tipped darts.
There is a stone staircase leading up here.
Unknown command.
As you read the scroll labelled TYMIETH HYUCH, it crumbles to dust.
It is a scroll of identify.
d - 2 potions of attraction
Okay, then.
Found a stone staircase leading down.
A jelly comes into view.
Found a stone staircase leading down.
The jelly quivers.
Ijyb the Twisted Goblin comes into view.
She is wielding a +0 dagger of protection and carrying a wand of mindburst (15).
You see here 3 curare-tipped darts.
a - 3 curare-tipped darts The jelly hits you but does no damage.
The jelly hits you but does no damage.
Ijyb hits you with a +0 dagger of protection.
Ijyb barely misses you. You furiously retaliate!
You headbutt Ijyb! You hit the jelly.
Your hands burn!
You headbutt the jelly!
The jelly is heavily wounded.
Ijyb screams, "Me stronger than you!"
You hit the jelly but do no damage.
Your hands burn!
The jelly is heavily wounded.
The jelly jiggles.
The jelly hits you but does no damage.
You hit the jelly.
Your hands burn!
The jelly is severely wounded.
The jelly hits you but does no damage.
You punch the jelly!
You kill the jelly!
Ijyb zaps a wand.
You barely resist.
Ijyb zaps a wand.
Your mind is blasted!
You barely miss Ijyb.
Ijyb is moderately wounded.
Ijyb hits you with a +0 dagger of protection.
You hit Ijyb.
Ijyb is moderately wounded.
Ijyb zaps a wand.
Your mind is blasted!
Ouch! That really hurt!
You die...

... .. #.
#.###.###
♣......##
#<..####
##.....#
#.###.## ###@#
..#
#.##..g##...#.
#........>....
##............
#............
#............
#♣.♣♣>......#
♣. ♣......##
♣♣ ♣#..####


You could see Ijyb.

Vanquished Creatures
  A necrophage (D:3)
  An ogre (D:3)
  A jelly (D:4)
  A hound (D:2)
  4 gnolls
  3 adders
  2 worms
  5 dart slugs
  9 orcs (D:3)
  4 ball pythons
  3 endoplasms
  2 giant cockroaches (D:3)
  4 goblins
  2 hobgoblins
  3 jackals (D:1)
  A quokka (D:3)
  4 bats
  A frilled lizard (D:3)
  A kobold (D:2)
  3 rats
55 creatures vanquished.

Vanquished Creatures (others)
  A bat (D:3)
  A quokka (D:3)
2 creatures vanquished.

Grand Total: 57 creatures vanquished

Notes
Turn   | Place    | Note
-------+----------+-------------------------------------------
     0 | D:1      | sankara the Minotaur Monk began the quest for the Orb.
     0 | D:1      | Reached XP level 1. HP: 19/19 MP: 0/0
    45 | D:1      | Found Taipuit's Magic Scroll Boutique.
   160 | D:1      | Reached XP level 2. HP: 19/27 MP: 1/1
   367 | D:1      | Found Yppoguof's Magic Scroll Shoppe.
   569 | D:1      | Found Yffosch's Assorted Antiques.
   591 | D:1      | Found Koexzub's Jewellery Shoppe.
   607 | D:1      | Found Uckior's Weapon Shop.
   924 | D:2      | Reached XP level 3. HP: 32/33 MP: 2/2
  1133 | D:2      | Reached XP level 4. HP: 40/41 MP: 3/3
  1377 | D:2      | Found a faded altar of an unknown god.
  1425 | D:2      | Found an ornate altar of the Wu Jian Council.
  2007 | D:3      | Found a white marble altar of Elyvilon.
  2049 | D:3      | Noticed a necrophage
  2053 | D:3      | Killed a necrophage
  2054 | D:3      | Reached skill level 1 in Armour
  2054 | D:3      | Reached skill level 5 in Unarmed Combat
  2054 | D:3      | Reached XP level 5. HP: 37/47 MP: 4/4
  2226 | D:3      | Noticed an ogre
  2231 | D:3      | Killed an ogre
  2232 | D:3      | Reached skill level 5 in Fighting
  2232 | D:3      | Reached XP level 6. HP: 56/56 MP: 5/5
  2377 | D:3      | Found a snail-covered altar of Cheibriados.
  2588 | D:3      | Found a glowing golden altar of the Shining One.
  2811 | D:3      | Found a runed translucent door.
  2812 | D:3      | Noticed Crazy Yiuf
  3055 | D:4      | Noticed Ijyb
  3068 | D:4      | Blown up by Ijyb

Illustrated notes

Levels and vault maps discovered:
D:1:      minmay_arrival_five_plusses, layout_basic, serial_shops, shop,
          nicolae_shop_competitors_out_of_business, nicolae_shop_statue_plus,
          shop, shop_statue, minmay_misc_feat_diagonals
D:2:      layout_basic, basic_altar, dreamdust_ecumenical_altar_grove,
          minmay_stone_trees_small, serial_park_tiny_1
D:3:      layout_basic, lemuel_crystal_altar, kennysheep_slug_shrine, tso_altar,
          lemuel_old_faithful, uniq_crazy_yiuf_cottage
D:4:      layout_rooms, nicolae_kikubaaqudgha_miasma_corner, serial_shops,
          nicolae_shop_trees, serial_forest, infiniplex_forest_end_3,
          infiniplex_forest_lined_room_2, infiniplex_forest_zigzag_1,
          infiniplex_forest_split, infiniplex_forest_lined_3,
          infiniplex_forest_clump_double, infiniplex_forest_lined_room_2,
          infiniplex_forest_side_room, infiniplex_forest_lined_2, uniq_ijyb

Skill      XL: |  1  2  3  4  5 |
---------------+----------------+-----
Fighting       | 4 5 |  5.0
Unarmed Combat | 4 5 |  5.9
Dodging        | 4 |  4.8
Armour         | 1 2 |  2.4
Stealth        | |  1.5

Action                   |  1- 3 |  4- 6 || total
-------------------------+-------+-------++-------
Melee: Unarmed           |    51 |    79 ||   130
       Headbutt          |     8 |    13 ||    21
       Punch             |       |     2 ||     2
Evoke: Wand              |       |     2 ||     2
  Use: Scroll            |       |     1 ||     1
 Stab: Sleeping          |     1 |       ||     1
Armor: Robe              |     4 |       ||     4
       Scale mail        |       |    20 ||    20
       Chain mail        |       |     5 ||     5
Dodge: Dodged            |    29 |    28 ||    57
